 Dungeon Crawl Stone Soup version 0.30-a0-424-g7412bad402 (webtiles) character file.

Game seed: 6250969526244265042

4309 cforsyth the Cleaver (level 10, -6/91 HPs)
             Began as a Minotaur Berserker on Dec 10, 2022.
             Was an Elder of Trog.
             Mangled by a death yak (17 damage)
             ... on level 8 of the Dungeon.
             The game lasted 00:15:16 (8079 turns).

cforsyth the Cleaver (Minotaur Berserker)           Turns: 8079, Time: 00:15:17

Health: -6/91      AC:  9    Str: 25    XL:     10   Next: 11%
Magic:  0/9        EV: 14    Int:  4    God:    Trog [****..]
Gold:   675        SH:  0    Dex: 11    Spells: 9/9 levels left

rFire   . . .      SeeInvis .    s - +1 broad axe
rCold   . . .      Faith    .    (no shield)
rNeg    . . .      Spirit   +    h - +0 ring mail
rPois   .          Reflect  .    (helmet restricted)
rElec   .          Harm     .    w - +1 cloak
rCorr   .          Rampage  .    (no gloves)
Will    .....                    (no boots)
Stlth   +.........               g - amulet of guardian spirit
HPRegen 0.35/turn                (no ring)
MPRegen 0.11/turn                (no ring)

@: on berserk cooldown, slowed, very slow
A: horns 2, retaliatory headbutt
a: Renounce Religion, Berserk, Trog's Hand, Brothers in Arms


You were on level 8 of the Dungeon.
You worshipped Trog.
Trog was greatly pleased with you.
You visited 2 branches of the dungeon, and saw 9 of its levels.
You also visited: Ossuary.

You collected 702 gold pieces.
You spent 27 gold pieces at shops.

Inventory:

Hand Weapons
 a - a +0 hand axe
 s - a +1 broad axe (weapon)
Missiles
 f - 2 throwing nets (quivered)
Armour
 h - a +0 ring mail (worn)
 w - a +1 cloak (worn)
Jewellery
 g - an amulet of guardian spirit (around neck)
 m - a ring of magical power
 p - a ring of protection from cold
 q - an amulet of faith
 t - a +6 ring of intelligence
Wands
 l - a wand of flame (13)
Scrolls
 e - a scroll of teleportation
 x - 2 scrolls of enchant armour
Potions
 b - 7 potions of curing
 d - 3 potions of might
 i - 2 potions of flight
 j - 4 potions of ambrosia
 k - 2 potions of cancellation
 n - 2 potions of berserk rage
 o - 2 potions of heal wounds
 r - a potion of magic
 u - a potion of attraction
 v - a potion of mutation
 z - a potion of degeneration {unknown}
 A - a potion of brilliance {unknown}


   Skills:
 + Level 9.5 Fighting
 + Level 9.6 Axes
 + Level 9.2 Armour
 + Level 8.4 Dodging


You had 9 spell levels left.
You didn't know any spells.
Your spell library was empty.

Dungeon Overview and Level Annotations

Branches:
Dungeon (8/15)             Temple (1/1) D:5            Lair (0/5) D:8
Ossuary (visited)

Altars:
Ashenzari
Cheibriados
Dithmenos
Elyvilon
Hepliaklqana
Kikubaaqudgha
Nemelex Xobeh
Okawaru
Qazlal
Ru
Sif Muna
Uskayaw
Xom
The Shining One
Lugonu

Shops:
D:1 ?   D:6 (   D:7 *

Portals:
Abyss: D:8

Annotations:
D:1 1 transporter
D:4 2 transporters, VibeKiller's ghost, amateur SpEn
D:7 2 runed translucent doors, AigisTheKnight's ghost, novice GrEE


Innate Abilities, Weirdness & Mutations

You have a pair of horns on your head.
You reflexively headbutt those who attack you in melee.


Message History

The death yak gores you!
You barely miss the death yak. You headbutt the death yak.
The death yak is heavily wounded.
The death yak gores you but does no damage.
Unknown command.
You barely miss the death yak.
The death yak is heavily wounded.
You slice the death yak!!
The death yak is severely wounded.
The death yak completely misses you.
Unknown command.
You slash the death yak! You headbutt the death yak!
The death yak is almost dead.
The white imp shouts, "Give up, thou plume-plucked toad-spotted varlet!"
The death yak barely misses you.
You barely miss the death yak.
The death yak is almost dead.
The death yak gores you!
You hit the death yak but do no damage. Your headbutt misses the death yak.
The death yak is almost dead.
You are no longer berserk.
You are exhausted.
You feel yourself slow down.
Unknown command.
The hornet buzzes angrily.
You slash the death yak!
You kill the death yak!
Trog accepts your kill.
Your Armour skill increases to level 9!
You have reached level 10!
You completely miss the death yak.
The death yak is lightly wounded.
The death yak gores you!!
* * * LOW HITPOINT WARNING * * *
The death yak closely misses you.
Unknown command.
You slash the death yak!
The death yak is lightly wounded.
The death yak gores you!!
You die...

~~~,**,,,,*,*** #.#
,,,,**,,,.....* ##.#
****,*,,.,....**
#..#
,,,,,,,,..,...,*
#.##
,,,,,,,,...#..#*##.#
,,,,,,,,.......*#..#
,,,,,,,,..>.ryr*#.##
,,,,,,,,.....rr##.#
,,,,,,,,,**#.rrY@.#
,,,,,,,,.....r5####
,,,,,,,*#......*
,,,,,,,,.......*
,,,,,,,,......#*
****+,,,....##*
*,***####* *,*
****,*


You could see a death yak, a hornet, a hell rat, a river rat, a white imp, a
quokka and 3 rats.

Vanquished Creatures
  2 death yaks (D:8)
  Pikel (D:7)
  Maggie (D:6)
  A steam dragon (D:5)
  Menkaure (D:6)
  A water moccasin (D:5)
  3 black bears
  2 centaurs (D:7)
  A phantom (D:6)
  A bullfrog (D:8)
  Blork the orc (D:6)
  A gnoll sergeant (D:8)
  3 scorpions
  5 wights (D:6)
  3 centaur zombies (Ossuary)
  4 jellies
  2 orc priests
  A gnoll bouda (D:7)
  4 iguanas
  6 orc wizards
  A hell rat (D:8)
  2 mummies (Ossuary)
  20 gnolls
  4 adders
  2 ufetubi
  An adder zombie (Ossuary)
  3 worms
  A dart slug (D:4)
  23 orcs
  8 endoplasms
  3 giant cockroaches
  5 goblins
  6 hobgoblins
  6 quokkas
  10 ball pythons
  6 bats
  5 frilled lizards
  A goblin zombie (Ossuary)
  9 hobgoblin zombies (Ossuary)
  2 jackal zombies (Ossuary)
  3 kobolds
  10 kobold zombies (Ossuary)
  8 orc zombies (Ossuary)
  4 rats
  3 rat zombies (Ossuary)
190 creatures vanquished.

Vanquished Creatures (others)
  An orc priest (D:6)
  An orc wizard (D:5)
  A gnoll (D:6)
  8 fungi (D:6)
  A lurking horror (D:8)
  5 plants (D:5)
17 creatures vanquished.

Grand Total: 207 creatures vanquished

Notes
Turn   | Place    | Note
-------+----------+-------------------------------------------
     0 | D:1      | cforsyth the Minotaur Berserker began the quest for the
                  | Orb.
     0 | D:1      | Reached XP level 1. HP: 19/19 MP: 0/0
    26 | D:1      | Found Rudor's Magic Scroll Boutique.
   248 | D:1      | Reached XP level 2. HP: 27/27 MP: 1/1
  1134 | D:2      | Reached XP level 3. HP: 31/33 MP: 2/2
  1376 | D:1      | Reached ** piety under Trog
  1419 | D:2      | Reached XP level 4. HP: 41/41 MP: 3/3
  1603 | D:2      | You fall into a shaft and drop 2 floors!
  1618 | D:4      | Found a transporter.
  1622 | D:4      | Noticed VibeKiller's ghost (amateur SpEn)
  2348 | D:2      | Reached XP level 5. HP: 42/47 MP: 4/4
  3118 | D:4      | Reached skill level 5 in Fighting
  3118 | D:4      | Reached skill level 5 in Axes
  3244 | D:4      | Found a transporter.
  3282 | D:4      | Found a broken altar of Ashenzari.
  3386 | D:4      | Reached *** piety under Trog
  3407 | D:4      | Found a hide-covered altar of Uskayaw.
  3733 | D:5      | Entered Level 5 of the Dungeon
  3926 | D:5      | Noticed a steam dragon
  3932 | D:5      | Killed a steam dragon
  3933 | D:5      | Reached XP level 6. HP: 56/56 MP: 3/5
  4022 | D:5      | Found a staircase to the Ecumenical Temple.
  4035 | D:5      | Reached skill level 5 in Armour
  4035 | D:5      | Reached XP level 7. HP: 62/62 MP: 4/6
  4037 | Temple   | Entered the Ecumenical Temple
  4500 | D:5      | Found an ancient bone altar of Kikubaaqudgha.
  4652 | D:5      | Reached skill level 5 in Dodging
  5065 | D:5      | Found a shadowy altar of Dithmenos.
  5282 | D:6      | Reached XP level 8. HP: 71/71 MP: 7/7
  5415 | D:6      | Identified the +1 leather armour of Resonance {Harm rPois
                  | rN+}
  5592 | D:6      | Noticed Maggie
  5777 | D:6      | Killed Maggie
  5993 | D:6      | Found Xicw's Antique Weapon Shoppe.
  6093 | D:6      | Found a hazy altar of Hepliaklqana.
  6184 | D:6      | Noticed Menkaure
  6194 | D:6      | Killed Menkaure
  6219 | D:6      | Reached XP level 9. HP: 71/81 MP: 6/8
  6309 | D:6      | Noticed Blork the orc
  6315 | D:6      | Killed Blork the orc
  6569 | D:7      | Found Otudur's Assorted Antiques.
  6575 | D:7      | Reached **** piety under Trog
  6600 | D:7      | Found a large runed translucent door.
  6600 | D:7      | Found a large runed translucent door.
  6780 | D:7      | Found a shimmering blue altar of Sif Muna.
  7009 | D:7      | Noticed Pikel
  7012 | D:7      | Found a sparkling altar of Nemelex Xobeh.
  7023 | D:7      | Killed Pikel
  7117 | D:7      | Found a shimmering altar of Xom.
  7118 | D:7      | Found a shimmering altar of Xom.
  7119 | D:7      | Found a shimmering altar of Xom.
  7119 | D:7      | Found a shimmering altar of Xom.
  7119 | D:7      | Found a shimmering altar of Xom.
  7119 | D:7      | Found a shimmering altar of Xom.
  7120 | D:7      | Found a shimmering altar of Xom.
  7121 | D:7      | Found a shimmering altar of Xom.
  7165 | D:7      | Noticed AigisTheKnight's ghost (novice GrEE)
  7315 | D:7      | Bought a scroll labelled KOSUFI SEZIPT for 27 gold pieces
  7456 | D:8      | Found a corrupted altar of Lugonu.
  7456 | D:8      | Found a one-way gate to the infinite horrors of the Abyss.
  7486 | D:8      | Found a sand-covered staircase.
  7491 | Ossuary  | Entered an ossuary
  7945 | D:8      | Identified the +1 scale mail of the Barber Surgeon {rN++
                  | rCorr}
  8055 | D:8      | Noticed a death yak
  8056 | D:8      | Found a staircase to the Lair.
  8056 | D:8      | Noticed a death yak
  8057 | D:8      | Noticed a death yak
  8066 | D:8      | Killed a death yak
  8077 | D:8      | Killed a death yak
  8078 | D:8      | Reached XP level 10. HP: 29/91 MP: 2/9
  8079 | D:8      | Mangled by a death yak

Illustrated notes

Levels and vault maps discovered:
D:1:      spicycebolla_arrival_risky_transporter, layout_basic, serial_shops,
          shop_statue, hangedman_decor_diamond_cutter, chequers_big_river
D:2:      layout_basic
D:3:      layout_loops_cross
D:4:      layout_cave_pods, mainiacjoe_overflow_tiny_flanked, lemuel_tele_altar,
          gammafunk_ghost_stat_death
D:5:      layout_basic, amcnicky_altar_gilded,
          mainiacjoe_overflow_concentric_impassable, minmay_temple_entry_tees,
          serial_bayou_crossing
D:6:      layout_loops_cross, mainiacjoe_overflow_boulevard, serial_shops,
          nicolae_shop_temple_entry_statues_fountains, dreamdust_gnoll_farm,
          uniq_menkaure, uniq_blork_the_orc, uniq_maggie
D:7:      layout_basic, lemuel_blue_sif_altar, xom_shifter_show,
          nicolae_overflow_crystal_walls, serial_shops,
          nicolae_inconvenience_store, ebering_ghost_disaster_area,
          solitary_fountain, uniq_pikel
D:8:      layout_basic, grunt_temple_overflow_lords_of_destruction,
          fedhas_altar_decomposition, mainiacjoe_overflow_paths,
          dpeg_lair_monsters, enter_ossuary_2, minivault_11,
          amcnicky_altar_lugonu_corruption
Temple:   hellmonk_temple_micro_hex

Skill      XL: |  1  2  3  4  5  6  7  8  9 |
---------------+----------------------------+-----
Fighting       | 4 5 6 7 9 |  9.5
Axes           | 4 5 6 7 9 |  9.6
Armour         | 3 4 5 6 7 9 |  9.2
Dodging        | 3 4 5 6 8 |  8.4

Action                   |  1- 3 |  4- 6 |  7- 9 | 10-12 || total
-------------------------+-------+-------+-------+-------++-------
Melee: Hand axe          |    60 |   117 |   123 |       ||   300
       Headbutt          |     7 |    21 |    57 |       ||    85
       Punch             |     1 |     2 |     5 |       ||     8
       Broad axe         |       |       |   157 |     2 ||   159
Invok: Berserk           |       |     4 |     2 |       ||     6
       Trog's Hand       |       |       |     2 |       ||     2
  Use: Scroll            |       |    14 |    10 |       ||    24
Armor: Animal skin       |     3 |       |       |       ||     3
       Ring mail         |     7 |    40 |   101 |       ||   148
Dodge: Dodged            |    41 |    60 |   183 |     1 ||   285

Table legend: (Time is in decaauts)
 A = Elapsed time spent in this place.
 B = Non-inter-level travel time spent in this place.
 C = Inter-level travel time spent in this place.
 D = Time resting spent in this place.
 E = Time spent auto-exploring this place.
 F = Levels seen in this place.
 G = Mean time per level.
                   A        B        C        D        E       F      G
               +--------+--------+--------+--------+--------+-----+--------+
         Total |   8188 |   7878 |    310 |   1093 |   5413 |  10 |  818.8 |
       Dungeon |   7798 |   7488 |    310 |   1016 |   5245 |   8 |  974.8 |
        Temple |     72 |     72 |      0 |     68 |      0 |   1 |   72.0 |
       Ossuary |    318 |    318 |      0 |      9 |    168 |   1 |  318.0 |
               +--------+--------+--------+--------+--------+-----+--------+

Top non-repeatable levels by time:
     D:5: 1577 daAuts
     D:1: 1494 daAuts
     D:6: 1047 daAuts
     D:7: 1005 daAuts
     D:2: 801 daAuts
     D:4: 775 daAuts
     D:3: 724 daAuts
     D:8: 371 daAuts
 Ossuary: 318 daAuts
  Temple: 72 daAuts
